 Dungeon Crawl Stone Soup version 0.22.1-2-g9c5b331 (webtiles) character file.

1344184 fourfacedrat the Middleweight Champion (level 27, 169/271 HPs)
             Began as a Minotaur Necromancer on Dec 11, 2018.
             Was the Champion of Ru.
             Escaped with the Orb
             ... and 3 runes!
             The game lasted 02:50:23 (135622 turns).

fourfacedrat the Middleweight Champion (MiNe)     Turns: 135622, Time: 02:50:23

Health: 169/271    AC: 43    Str: 30      XL:     27
Magic:  23/23      EV: 18    Int:  9 (10) God:    Ru [******]
Gold:   2038       SH: 27    Dex: 21      Spells: 28/28 levels left

rFire    + + .     SeeInvis +     - Unarmed
rCold    + + .     Gourm    .   W - +0 large shield
rNeg     + . .     Faith    .   y - +11 gold dragon scales
rPois    +         Spirit   .   U - +0 hat of the Secret Demons {*Corrode rPois MR++ Dex+4}
rElec    .         Reflect  .   C - +0 cloak of Follow the Leader {Str+5 Dex+4}
rCorr    +         Harm     .   B - +2 pair of gloves {Dex+3}
MR       ++++.                  O - +1 pair of boots {Stlth+}
Stlth    ..........             u - macabre finger necklace {rN+}
HPRegen  0.00/turn              a - ring of protection from cold
MPRegen  0.18/turn              Z - ring of see invisible
                                i - ring of Perfectionism {rCorr rF+ Slay+5}

@: no status effects
A: retaliatory headbutt, horns 2, icy blue scales 1, dopey 1, low mp 1,
inhibited regeneration, weak 1, no stealth, hated by all, no earth magic, no
necromancy magic, no translocations magic, MP-powered wands, unskilled 1
0: Orb of Zot
}: 3/15 runes: serpentine, barnacled, slimy
a: Draw Out Power, Power Leap, Apocalypse, Renounce Religion


You escaped.
You worshipped Ru.
Ru was exalted by your worship.
You were full.

You visited 10 branches of the dungeon, and saw 53 of its levels.
You visited the Abyss 1 time.

You collected 7425 gold pieces.
You spent 5387 gold pieces at shops.

Inventory:

Missiles
 j - 9 throwing nets (quivered)
 K - 24 javelins of penetration
Armour
 k - +0 storm dragon scales
 y - +11 gold dragon scales (worn)
 B - a +2 pair of gloves of dexterity (worn)
 C - the +0 cloak of Follow the Leader (worn) {Str+5 Dex+4}
   (You found it on level 1 of the Realm of Zot)

   It affects your strength (+5).
   It affects your dexterity (+4).
 O - a +1 pair of boots of stealth (worn)
 U - the +0 hat of the Secret Demons (worn) {*Corrode rPois MR++ Dex+4}
   (You found it on level 1 of the Orcish Mines)

   It affects your dexterity (+4).
   It protects you from poison.
   It affects your resistance to hostile enchantments.
   It may corrode you when you take damage.
 W - a +0 large shield (worn)
Jewellery
 a - a ring of protection from cold (left hand)
 h - the ring "Xouxkal" {Fire Int+2 Stlth+}
   (You found it on level 2 of the Snake Pit)

   [ring of fire]

   It enhances your fire magic.
   It affects your intelligence (+2).
   It protects you from fire.
   It makes you vulnerable to cold.
   It makes you more stealthy.
 i - the ring of Perfectionism (on amulet) {rCorr rF+ Slay+5}
   (You found it on level 5 of the Pits of Slime)

   [ring of resist corrosion]

   It affects your accuracy and damage with ranged weapons and melee attacks
   (+5).
   It protects you from fire.
 u - the macabre finger necklace (around neck) {rN+}
   (You bought it in a shop on level 4 of the Depths)

   [amulet of nothing]

   It protects you from negative energy.
 Z - a ring of see invisible (right hand)
Wands
 e - a wand of digging (16)
 n - a wand of paralysis (43)
 A - a wand of disintegration (21)
 G - a wand of iceblast (7)
 J - a wand of polymorph (11)
 P - a wand of acid (25)
 T - a wand of clouds (6)
 Y - a wand of flame (131)
Scrolls
 b - 3 scrolls of holy word
 l - 12 scrolls of fog
 p - 10 scrolls of amnesia
 q - a scroll of immolation
 t - 11 scrolls of fear
 w - 14 scrolls of teleportation
 x - a scroll of magic mapping
 L - 7 scrolls of identify
 M - a scroll of enchant armour
 N - 13 scrolls of blinking
 Q - 9 scrolls of remove curse
Potions
 d - 10 potions of flight
 f - 5 potions of invisibility
 g - 9 potions of heal wounds
 m - 6 potions of resistance
 o - 26 potions of curing
 r - 12 potions of mutation
 s - 4 potions of haste
 z - 8 potions of agility
 D - a potion of berserk rage
 E - 9 potions of might
 F - 10 potions of lignification
 V - 3 potions of cancellation
 X - 5 potions of magic
Miscellaneous
 H - a fan of gales
Comestibles
 c - 55 rations


   Skills:
 + Level 26.7 Fighting
 + Level 18.2 Armour
 + Level 17.0 Dodging
 - Level 25.0 Shields
 O Level 27 Unarmed Combat
 - Level 1.2 Spellcasting
   Level 5.1 Invocations


You had 28 spell levels left.
You didn't know any spells.
Your spell library contained the following spells:

 Spells                   Type           Power        Failure   Level  Hunger
 Beastly Appendage        Tmut           #.....       99%         1    ##.....
 Confusing Touch          Hex            #.....       99%         1    ##.....
 Corona                   Hex            #......      99%         1    ##.....
 Flame Tongue             Conj/Fire      #....        99%         1    ##.....
 Freeze                   Ice            #...         99%         1    ##.....
 Infusion                 Chrm           #...         99%         1    ##.....
 Magic Dart               Conj           #...         99%         1    ##.....
 Shock                    Conj/Air       #...         99%         1    ##.....
 Sting                    Conj/Pois      #...         99%         1    ##.....
 Ensorcelled Hibernation  Hex/Ice        #.....       100%        2    ###....
 Poisonous Vapours        Pois/Air       #.....       100%        2    ###....
 Searing Ray              Conj           #.....       100%        2    ###....
 Slow                     Hex            #.......     100%        2    ###....
 Song of Slaying          Chrm           #.......     100%        2    ###....
 Sticks to Snakes         Tmut           #.......     100%        2    ###....
 Swiftness                Chrm/Air       #.......     100%        2    ###....
 Throw Flame              Conj/Fire      #.....       100%        2    ###....
 Throw Frost              Conj/Ice       #.....       100%        2    ###....
 Confuse                  Hex            #.......     100%        3    ####...
 Conjure Flame            Conj/Fire      #.......     100%        3    ####...
 Dazzling Spray           Conj/Hex       #.....       100%        3    ####...
 Ignite Poison            Fire/Tmut/Pois #.......     100%        3    ####...
 Inner Flame              Hex/Fire       #.......     100%        3    ####...
 Mephitic Cloud           Conj/Pois/Air  #.......     100%        3    ####...
 Ozocubu's Armour         Chrm/Ice       #.......     100%        3    ####...
 Spectral Weapon          Hex/Chrm       #.......     100%        3    ####...
 Spider Form              Tmut/Pois      #.........   100%        3    ####...
 Static Discharge         Conj/Air       #.......     100%        3    ####...
 Tukima's Dance           Hex            #.......     100%        3    ####...
 Airstrike                Air            #.........   100%        4    #####..
 Cause Fear               Hex            #.........   100%        4    #####..
 Fulminant Prism          Conj/Hex       #.........   100%        4    #####..
 Ice Form                 Ice/Tmut       #.......     100%        4    #####..
 Iskenderun's Mystic Bla  Conj           #.......     100%        4    #####..
 Sticky Flame             Conj/Fire      #.......     100%        4    #####..
 Throw Icicle             Conj/Ice       #.......     100%        4    #####..
 Alistair's Intoxication  Tmut/Pois      #.......     100%        5    ######.
 Aura of Abjuration       Summ           #.........   100%        5    ######.
 Blade Hands              Tmut           #.........   100%        5    ######.
 Fireball                 Conj/Fire      #.........   100%        5    ######.
 Irradiate                Conj/Tmut      #.........   100%        5    ######.
 Iskenderun's Battlesphe  Conj/Chrm      #.......     100%        5    ######.
 Lightning Bolt           Conj/Air       #.........   100%        5    ######.
 Metabolic Englaciation   Hex/Ice        #.........   100%        5    ######.
 Silence                  Hex/Air        #.........   100%        5    ######.
 Yara's Violent Unravell  Hex/Tmut       #.........   100%        5    ######.
 Bolt of Cold             Conj/Ice       #.........   100%        6    #######
 Conjure Ball Lightning   Conj/Air       #.........   100%        6    #######
 Darkness                 Hex            #.........   100%        6    #######
 Deflect Missiles         Chrm/Air       #.........   100%        6    #######
 Freezing Cloud           Conj/Ice/Air   #.........   100%        6    #######
 Hydra Form               Tmut           #.........   100%        6    #######
 Invisibility             Hex            #.......     100%        6    #######
 Dragon Form              Tmut           #.........   100%        7    #######
 Ring of Flames           Chrm/Fire      #.........   100%        7    #######
 Ignition                 Fire           #.........   100%        8    #######
 Tornado                  Air            #.........   100%        9    #######
 Animate Skeleton         Necr           Unusable     N/A         1    N/A
 Apportation              Tloc           Unusable     N/A         1    N/A
 Pain                     Necr           Unusable     N/A         1    N/A
 Summon Butterflies       Summ           Unusable     N/A         1    N/A
 Summon Small Mammal      Summ           Unusable     N/A         1    N/A
 Blink                    Tloc           Unusable     N/A         2    N/A
 Call Imp                 Summ           Unusable     N/A         2    N/A
 Passwall                 Tmut/Erth      Unusable     N/A         2    N/A
 Shroud of Golubria       Chrm/Tloc      Unusable     N/A         2    N/A
 Call Canine Familiar     Summ           Unusable     N/A         3    N/A
 Gell's Gravitas          Tloc           Unusable     N/A         3    N/A
 Lesser Beckoning         Tloc           Unusable     N/A         3    N/A
 Portal Projectile        Hex/Tloc       Unusable     N/A         3    N/A
 Recall                   Summ/Tloc      Unusable     N/A         3    N/A
 Regeneration             Chrm/Necr      Unusable     N/A         3    N/A
 Summon Guardian Golem    Hex/Summ       Unusable     N/A         3    N/A
 Teleport Other           Tloc           Unusable     N/A         3    N/A
 Vampiric Draining        Necr           Unusable     N/A         3    N/A
 Animate Dead             Necr           Unusable     N/A         4    N/A
 Force Lance              Conj/Tloc      Unusable     N/A         4    N/A
 Leda's Liquefaction      Hex/Erth       Unusable     N/A         4    N/A
 Passage of Golubria      Tloc           Unusable     N/A         4    N/A
 Petrify                  Tmut/Erth      Unusable     N/A         4    N/A
 Summon Ice Beast         Ice/Summ       Unusable     N/A         4    N/A
 Summon Lightning Spire   Summ/Air       Unusable     N/A         4    N/A
 Borgnjor's Vile Clutch   Necr/Erth      Unusable     N/A         5    N/A
 Summon Demon             Summ           Unusable     N/A         5    N/A
 Summon Forest            Summ/Tloc      Unusable     N/A         5    N/A
 Summon Mana Viper        Hex/Summ       Unusable     N/A         5    N/A
 Shadow Creatures         Summ           Unusable     N/A         6    N/A
 Statue Form              Tmut/Erth      Unusable     N/A         6    N/A
 Malign Gateway           Summ/Tloc      Unusable     N/A         7    N/A
 Monstrous Menagerie      Summ           Unusable     N/A         7    N/A
 Summon Greater Demon     Summ           Unusable     N/A         7    N/A
 Summon Horrible Things   Summ           Unusable     N/A         8    N/A
 Shatter                  Erth           Unusable     N/A         9    N/A

Dungeon Overview and Level Annotations

Branches:
Dungeon (15/15)            Temple (0/1) D:7            Lair (6/6) D:11
 Shoals (4/4) Lair:3        Snake (4/4) Lair:4        Slime (5/5) Lair:5
    Orc (2/2) D:10            Elf (3/3) Orc:2        Vaults (4/5) D:13
  Crypt (0/3) Vaults:3     Depths (5/5) D:15            Zot (5/5) Depths:5

Altars:
Dithmenos
Fedhas
Gozag
Kikubaaqudgha
Qazlal
Ru
Sif Muna
Trog
Uskayaw
Yredelemnul
Zin
Beogh
Jiyva

Shops:
D:7 !   D:11 (   Orc:2 *[([   Shoals:2 *   Shoals:4 *   Snake:1 !   Snake:2 ?
Depths:4 }}=

Portals:
Hell: Depths:1 Depths:2 Depths:3 Depths:4 Depths:5
Abyss: Depths:1 Depths:2
Pandemonium: Depths:3 Depths:5
Ziggurat: Depths:4

Annotations:
Elf:2 2 runed doors
Depths:1 exclusion: door


Innate Abilities, Weirdness & Mutations

You reflexively headbutt those who attack you in melee.
You have a pair of horns on your head.
You are dopey. (Int -2)
Your magical capacity is low. (-10% MP)
You do not regenerate when monsters are visible.
You cannot be stealthy.
You are hated by all.
You cannot study or cast Earth magic.
You cannot study or cast Necromancy magic.
You cannot study or cast Translocations magic.
You are somewhat unskilled. (-1 Apt)
You are partially covered in icy blue scales. (AC +2)
You are weak. (Str -2)
You expend magic power (3 MP) to strengthen your wands.


Message History

You block the hell beast's attack. The hell beast closely misses you.
There is a stone staircase leading up here.
You block the hell beast's attack. x2; You block the ufetubus's attack.
The ufetubus completely misses you.
The shadow demon begins to attack, but is stunned by your will!
You climb upwards.
There is a stone staircase leading down here.
You feel much better.
A crimson imp comes into view.
The crimson imp begins to attack, but is stunned by your will!
You block the crimson imp's attack.
You redirect the crimson imp's attack!
You block the crimson imp's attack. You block the crimson imp's attack.
The crimson imp blinks!
The crimson imp barely misses you. You furiously retaliate!
You headbutt the crimson imp!
There is a staircase leading out of the dungeon here.
You block the crimson imp's attack.
You have escaped!

#.....###..### #####..###.##.
#...(###...#.# #.....## ##...
##...##....#.# #.###..###....
##..###..)##.###.###...#..###
#####...##....#...§...........#
....#..###...###.#......##...##
###.#..##....##..#.#.#..###.##
#.#.####..##..5#.#.#..# #.#
#.####....##..@#.(.#..# #.# #.#
#######..##..##..###'## #.#
##.##..##..##...## # #.#
##.........#.....### ##.##
#......####.......##
##...#########.#....###.........#
......................+.........'
##.....#.#####.#...####.........#
##.###.## #.....# ##....(..##


You could see a crimson imp.

Vanquished Creatures
  the Royal Jelly (Slime:5)
  4 orbs of fire (Zot:5)
  Mennas (Vaults:2)
  The ghost of Otiops the Pandemonic, a legendary HOTm of Makhleb (Zot:1)
  A juggernaut (Depths:2)
  The ghost of Ikull the Hoplite, a master MiBe of Trog (Depths:3)
  2 pandemonium lords
  4 ancient liches (Zot:5)
  Sojobo (Depths:4)
  Boris (Depths:5)
  Frederick (Vaults:3)
  Margery (Depths:3)
  Xtahua (Depths:5)
  2 caustic shrikes (Depths:4)
  2 curse toes
  7 Killer Klowns
  the Enchantress (Depths:4)
  11 golden dragons
  7 electric golems
  An iron giant (Depths:3)
  A bone dragon (Depths:5)
  Rupert (Lair:4)
  27 Orb Guardians
  3 liches
  15 tentacled monstrosities
  9 quicksilver dragons
  Asterion (Snake:1)
  22 acid blobs
  A kraken (Shoals:1)
  2 deep elf master archers
  2 deep elf blademasters
  2 sphinxes
  Gastronok (Lair:3)
  The ghost of Dubin the Grappler, an adept TrMo of Qazlal (Depths:3)
  The ghost of Dubin the Grappler, an adept TrMo of Qazlal (Depths:2)
  12 death cobs
  2 tentacled starspawn (Abyss:2)
  18 storm dragons
  Polyphemus (Shoals:1)
  4 tengu reavers
  Agnes (Snake:4)
  An ancient champion (Vaults:3)
  Roxanne (D:14)
  11 draconian monks
  Kirke (Snake:1)
  The ghost of Scyrothe the Earth Mage, an adept GrEE of Vehumet (Snake:1)
  11 shadow dragons
  A revenant (Abyss:2)
  Ilsuiw (Shoals:1)
  5 fire giants
  18 nagarajas
  The ghost of ryzol the Peltast, an adept VSFi of Qazlal (Shoals:2)
  12 azure jellies
  9 vault wardens
  3 ghost moths
  9 draconian knights
  7 draconian scorchers
  4 iron dragons
  13 frost giants
  10 deep elf sorcerers
  6 draconian shifters
  2 caustic shrike zombies
  5 draconian stormcallers
  9 draconian annihilators
  3 deep elf elementalists (Elf:3)
  2 vampire knights (Depths:4)
  A war gargoyle (Zot:3)
  15 ironheart preservers
  15 very ugly things
  Nessos (Lair:5)
  A starcursed mass (Abyss:2)
  4 juggernaut skeletons (Depths:3)
  4 spriggan defenders
  19 stone giants
  16 black draconians
  9 deep elf demonologists
  16 green draconians
  15 red draconians
  12 white draconians
  2 spark wasps (Depths:2)
  A lorocyproca (D:15)
  2 large abominations
  14 deep elf annihilators
  14 yellow draconians
  12 purple draconians
  4 merfolk javelineers
  Snorg (Orc:2)
  7 death oozes (Slime:5)
  A crystal guardian (Vaults:4)
  8 deep elf death magi
  10 fire dragons
  11 ettins
  8 great orbs of eyes
  8 merfolk impalers
  An eidolon (Vaults:3)
  2 deep elf high priests
  12 yaktaur captains
  Josephine (Lair:4)
  11 naga warriors
  5 ice dragons
  5 rakshasas
  6 vault guards
  6 spriggan air magi
  5 anacondas
  9 centaur warriors
  10 hydras
  2 alligator snapping turtles (Shoals:3)
  A death knight (Vaults:4)
  6 merfolk avatars
  17 two-headed ogres
  8 merfolk aquamancers
  4 death yaks (Shoals:1)
  20 dancing weapons
  5 satyrs
  16 deep troll shamans
  2 tengu warriors
  7 ogre magi
  4 thrashing horrors (Abyss:2)
  A small abomination (Elf:3)
  8 deep troll earth magi
  21 naga sharpshooters
  A shock serpent (Snake:1)
  A vampire mage (Depths:2)
  The ghost of filthincarnate the Martial Artist, a novice OpTm of Uskayaw (Lair:1)
  2 orc high priests
  A titan zombie (Depths:4)
  Urug (Lair:4)
  3 spriggan berserkers (Depths:5)
  2 sun demons
  A soul eater (Zot:5)
  2 titan skeletons (Depths:3)
  10 deep elf knights
  12 hell knights
  A fire crab (shapeshifter) (D:15)
  3 sixfirhies
  A wretched star (Abyss:2)
  18 skeletal warriors
  6 salamander mystics
  40 deep trolls
  An unseen horror (D:14)
  13 sea snakes
  13 naga ritualists
  2 storm dragon skeletons (Depths:3)
  7 glowing orange brains
  4 flayed ghosts
  A swamp dragon (Lair:6)
  A lindwurm (Lair:5)
  4 wizards
  2 phantasmal warriors
  An obsidian statue (Shoals:2)
  Pikel (D:6)
  23 deep elf archers
  A lindwurm (shapeshifter) (Vaults:1)
  3 golden dragon skeletons (Depths:3)
  6 mana vipers
  10 orc knights
  37 deep elf magi
  8 necromancers
  11 ironbrand convokers
  8 orc sorcerers
  26 harpies
  5 wolf spiders
  10 fauns
  41 ugly things
  3 shining eyes
  A fire giant zombie (D:15)
  A frost giant zombie (Vaults:2)
  15 oklob plants
  A shadow dragon skeleton (Depths:3)
  3 tengu skeletons (Depths:3)
  10 cyclopes
  15 salamanders
  A sphinx skeleton (Depths:3)
  A salamander (shapeshifter) (Vaults:1)
  18 moths of wrath
  11 manticores
  Maurice (D:8)
  4 guardian serpents
  29 naga magi
  A black mamba (shapeshifter) (Depths:2)
  26 black mambas
  3 fire giant skeletons (Depths:3)
  2 frost giant skeletons (Depths:3)
  2 rust devils
  6 elephants
  8 water nymphs
  9 merfolk sirens
  An apocalypse crab (Abyss:2)
  2 guardian serpents (shapeshifter)
  2 eyes of devastation
  10 vault sentinels
  8 spiny frogs
  A torpor snail (shapeshifter) (Depths:3)
  2 smoke demons (Abyss:2)
  A gargoyle (D:14)
  5 spectral swamp worms (Depths:2)
  2 elf skeletons (Depths:3)
  4 freezing wraiths
  2 human zombies
  A yaktaur zombie (Vaults:2)
  6 rime drakes
  3 spriggan skeletons (Depths:3)
  3 kobold demonologists
  32 yaktaurs
  An ancient zyme (Abyss:2)
  8 komodo dragons
  2 hellwings
  A yaktaur skeleton (Vaults:2)
  An ice devil (Depths:3)
  A jumping spider (shapeshifter) (Vaults:3)
  A queen bee (D:9)
  9 wind drakes
  32 merfolk
  2 human skeletons
  4 polar bears
  A hornet (shapeshifter) (Vaults:1)
  5 trolls
  A polar bear (shapeshifter) (Vaults:2)
  5 blink frogs
  A spectral dream sheep (D:11)
  2 tengu simulacra
  A hornet (Vaults:2)
  93 slime creatures
  Prince Ribbit (D:6)
  11 dream sheep
  6 raiju
  A spriggan zombie (D:15)
  An ettin zombie (Depths:3)
  13 hippogriffs
  A dream sheep (shapeshifter) (Vaults:1)
  9 snapping turtles
  2 fire giant simulacra
  15 flying skulls
  A fire dragon zombie (D:15)
  2 spectral black mambas (Lair:1)
  Sigmund (D:6)
  A shadow (D:13)
  4 spriggans
  A spriggan (shapeshifter) (Vaults:3)
  4 air elementals
  5 wraiths
  21 water elementals
  A yak (shapeshifter) (Depths:4)
  3 wyverns
  An elf zombie (Depths:4)
  34 yaks
  2 hogs (Snake:1)
  8 golden eyes
  A steam dragon (D:13)
  3 fire elementals
  A hog (shapeshifter) (Vaults:3)
  2 hungry ghosts
  9 basilisks
  23 humans
  4 vampire mosquitoes (D:13)
  A neqoxec (Abyss:2)
  A chaos spawn (Abyss:2)
  2 wargs
  2 soldier ants
  2 acid dragons
  62 nagas
  19 water moccasins
  A water moccasin (shapeshifter) (Depths:4)
  2 hydra simulacra (Lair:1)
  3 swamp drakes
  9 porcupines
  40 orc warriors
  3 sky beasts
  3 ice beasts
  3 slaves (D:7)
  2 black bears
  2 eyes of draining (Slime:5)
  A hornet zombie (D:15)
  5 phantoms
  6 wolves
  22 ogres
  3 necrophages
  4 boggarts (Lair:6)
  19 centaurs
  13 crocodiles
  7 big kobolds
  6 earth elementals
  17 bullfrogs
  An elf simulacrum (Vaults:1)
  A water moccasin zombie (D:8)
  5 scorpions
  4 jellies
  34 killer bees
  A water moccasin skeleton (D:6)
  A tengu zombie (D:15)
  12 wights
  A howler monkey (D:11)
  An electric eel (Lair:3)
  7 crimson imps
  4 centaur zombies
  A quasit (D:8)
  3 bullfrog zombies (D:9)
  3 centaur skeletons
  2 hounds
  2 bullfrog skeletons
  28 orc priests
  4 gnoll shamans
  An iron imp (Orc:1)
  Jessica (D:3)
  6 iguanas
  52 orc wizards
  10 worker ants
  5 lightning spires (Zot:3)
  A hound skeleton (D:4)
  Robin (D:4)
  2 worker ant zombies
  22 adders
  44 gnolls
  A howler monkey skeleton (D:4)
  4 shadow imps
  14 white imps
  2 oozes
  A dart slug (D:1)
  4 leopard geckos
  89 orcs
  3 ball pythons
  14 goblins
  6 hobgoblins
  18 jackals
  2 quokkas
  3 bats
  2 frilled lizards
  A jackal skeleton (D:4)
  18 kobolds
  2 leopard gecko skeletons (D:4)
  11 rats
  2 plants
  2 starspawn tentacles (Abyss:2)
  2 tentacles (Shoals:1)
2435 creatures vanquished.

Vanquished Creatures (others)
  A Killer Klown (Zot:3)
  An electric golem (Zot:4)
  A frost giant (Depths:4)
  A vault warden (Vaults:3)
  A draconian shifter (Zot:2)
  A ghost moth (Zot:1)
  A spriggan defender (Depths:4)
  A black draconian (Zot:3)
  A red draconian (Depths:5)
  A merfolk impaler (Shoals:3)
  A yaktaur captain (Vaults:1)
  A catoblepas (Shoals:1)
  An alligator (shapeshifter) (Vaults:4)
  A deep troll shaman (Depths:2)
  A dancing weapon (Elf:3)
  A spriggan berserker (Depths:5)
  A naga sharpshooter (Snake:4)
  A shock serpent (Snake:3)
  A golden dragon zombie (Depths:4)
  A sixfirhy (Zot:3)
  2 salamander mystics
  2 deep trolls
  An orc knight (Orc:1)
  A manticore (Shoals:4)
  A moth of wrath (Zot:5)
  A naga mage (Snake:4)
  3 merfolk
  An air elemental (D:14)
  2 water elementals
  A human (Snake:1)
  A yak (shapeshifter) (Vaults:1)
  A naga (Snake:3)
  An ogre (Depths:2)
  A centaur (Depths:1)
  An orc wizard (Elf:1)
  2 orc priests
  A white imp (Abyss:2)
  6 ball lightnings
  4 orcs
  A kobold (D:14)
  6 bushes (Zot:1)
  20 fungi
  38 plants
  2 starspawn tentacles (Abyss:2)
  6 tentacles (Shoals:1)
126 creatures vanquished.

Grand Total: 2561 creatures vanquished

Notes
Turn   | Place    | Note
-------+----------+-------------------------------------------
     0 | D:1      | fourfacedrat the Minotaur Necromancer began the quest for
                  | the Orb.
     0 | D:1      | Reached XP level 1. HP: 14/14 MP: 1/1
   259 | D:1      | Reached skill level 1 in Unarmed Combat
  1197 | D:1      | Reached XP level 2. HP: 20/20 MP: 3/3
  1268 | D:1      | Reached skill level 2 in Unarmed Combat
  1923 | D:2      | Found a blossoming altar of Fedhas.
  1994 | D:2      | Reached skill level 3 in Unarmed Combat
  1994 | D:2      | Reached XP level 3. HP: 18/26 MP: 4/4
  3496 | D:2      | Reached skill level 4 in Unarmed Combat
  3515 | D:2      | Found a blossoming altar of Fedhas.
  3630 | D:3      | Noticed Jessica
  3635 | D:3      | Killed Jessica
  3635 | D:3      | Reached XP level 4. HP: 33/33 MP: 5/5
  3734 | D:3      | Reached skill level 5 in Unarmed Combat
  4137 | D:4      | Reached XP level 5. HP: 38/38 MP: 6/6
  4234 | D:4      | Got an ancient silver ring
  4571 | D:4      | Reached skill level 6 in Unarmed Combat
  4606 | D:4      | Identified the ring of Jovuaze {+Inv rPois rN+ Dex+8
                  | Stlth-} (You found it on level 4 of the Dungeon)
  4710 | D:4      | Noticed Robin
  4811 | D:4      | Killed Robin
  4969 | D:4      | Reached XP level 6. HP: 40/45 MP: 7/7
  5290 | D:5      | Entered Level 5 of the Dungeon
  5329 | D:5      | Reached skill level 7 in Unarmed Combat
  6031 | D:5      | Found a glowing silver altar of Zin.
  6031 | D:5      | Found a shadowy altar of Dithmenos.
  6123 | D:5      | Reached skill level 8 in Unarmed Combat
  6123 | D:5      | Reached XP level 7. HP: 39/50 MP: 8/8
  6180 | D:5      | Got a shimmering scale mail
  6191 | D:5      | Identified the cursed +1 scale mail of Ykupsic {-Tele rElec
                  | Str+5 Dex+4} (You found it on level 5 of the Dungeon)
  6699 | D:4      | Reached skill level 1 in Fighting
  8221 | D:5      | Reached skill level 9 in Unarmed Combat
  8302 | D:6      | Found a sacrificial altar of Ru.
  8320 | D:6      | Noticed Sigmund
  8333 | D:6      | Killed Sigmund
  8333 | D:6      | Reached XP level 8. HP: 66/66 MP: 9/9
  8532 | D:6      | Reached skill level 10 in Unarmed Combat
  9303 | D:6      | Reached skill level 5 in Fighting
  9632 | D:6      | Reached skill level 11 in Unarmed Combat
 10472 | D:6      | Reached XP level 9. HP: 74/74 MP: 10/10
 10568 | D:7      | Reached skill level 12 in Unarmed Combat
 10762 | D:6      | Became a worshipper of Ru the Awakened
 10811 | D:7      | Found a bloodstained altar of Trog.
 10835 | D:7      | Found an ancient bone altar of Kikubaaqudgha.
 11126 | D:7      | Found a staircase to the Ecumenical Temple.
 11134 | D:7      | Found Xecs's Distillery.
 11145 | D:7      | Bought a potion of haste for 120 gold pieces
 11145 | D:7      | Bought a potion of might for 48 gold pieces
 11145 | D:7      | Bought a potion of might for 48 gold pieces
 11145 | D:7      | Bought 2 potions of lignification for 72 gold pieces
 11188 | D:7      | Noticed Prince Ribbit
 11373 | D:6      | Killed Prince Ribbit
 11485 | D:7      | Noticed Pikel
 11534 | D:6      | Killed Pikel
 11534 | D:6      | Reached skill level 13 in Unarmed Combat
 12267 | D:7      | Reached skill level 14 in Unarmed Combat
 12893 | D:8      | Noticed Maurice
 12909 | D:8      | Killed Maurice
 12909 | D:8      | Reached XP level 10. HP: 75/81 MP: 11/11
 13028 | D:8      | Gained mutation: You are dopey. (Int -2) [Ru sacrifice]
 13230 | D:8      | Noticed a two-headed ogre
 13238 | D:8      | Killed a two-headed ogre
 13238 | D:8      | Reached skill level 15 in Unarmed Combat
 14015 | D:9      | Reached skill level 16 in Unarmed Combat
 14186 | D:9      | Reached skill level 1 in Armour
 15078 | D:9      | Reached XP level 11. HP: 89/89 MP: 12/12
 15325 | D:9      | Noticed a three-headed hydra
 15333 | D:9      | Killed a three-headed hydra
 15624 | D:10     | Entered Level 10 of the Dungeon
 16000 | D:10     | Got a bloodstained ring mail
 16011 | D:10     | Identified the cursed +0 ring mail "Lionyrchy" {Dex+2} (You
                  | found it on level 10 of the Dungeon)
 16512 | D:10     | Reached skill level 17 in Unarmed Combat
 16514 | D:10     | Gained mutation: You do not regenerate when monsters are
                  | visible. [Ru sacrifice]
 16514 | D:10     | Reached * piety under Ru
 16592 | D:10     | Found a staircase to the Orcish Mines.
 16592 | D:10     | Noticed a two-headed ogre
 16600 | D:10     | Killed a two-headed ogre
 16600 | D:10     | Reached skill level 5 in Armour
 18163 | D:11     | Found a runed door.
 18789 | D:11     | Found a staircase to the Lair.
 18812 | Lair:1   | Entered Level 1 of the Lair of Beasts
 19022 | Lair:1   | Found a runed gate.
 19023 | Lair:1   | Found a runed gate.
 19023 | Lair:1   | Found a runed gate.
 19071 | Lair:1   | Reached XP level 12. HP: 82/103 MP: 13/13
 19591 | Lair:1   | Noticed filthincarnate's ghost (novice OpTm)
 20174 | Lair:2   | Identified the Guide on Protection
 20278 | Lair:1   | Reached skill level 18 in Unarmed Combat
 21558 | Lair:3   | Noticed a five-headed hydra
 21568 | Lair:3   | Killed a five-headed hydra
 21887 | Lair:3   | Noticed an eight-headed hydra
 21927 | Lair:3   | Killed an eight-headed hydra
 22132 | Lair:3   | Noticed Gastronok
 22467 | Lair:3   | Reached skill level 1 in Shields
 22628 | Lair:3   | Found a staircase to the Shoals.
 23013 | Lair:3   | Killed Gastronok
 23127 | Lair:4   | Noticed a five-headed hydra
 23145 | Lair:4   | Reached skill level 10 in Fighting
 23145 | Lair:4   | Reached XP level 13. HP: 108/113 MP: 14/14
 23386 | Lair:4   | Noticed Josephine
 23413 | Lair:3   | Reached skill level 5 in Dodging
 23837 | Lair:4   | Killed Josephine
 23893 | Lair:4   | Found a staircase to the Snake Pit.
 24192 | Lair:4   | Reached skill level 19 in Unarmed Combat
 24322 | Lair:4   | Noticed Rupert
 24341 | Lair:4   | Killed Rupert
 24751 | Lair:4   | Noticed Urug
 24765 | Lair:4   | Killed Urug
 25130 | Lair:5   | Found a staircase to the Slime Pits.
 25153 | Lair:5   | Found a viscous altar of Jiyva.
 25179 | Lair:5   | Found a basalt altar of Yredelemnul.
 25278 | Lair:5   | Noticed Nessos
 25297 | Lair:5   | Killed Nessos
 26490 | Lair:5   | Gained mutation: You are somewhat unskilled. (-1 Apt) [Ru
                  | sacrifice]
 26490 | Lair:5   | Reduced skill Fighting to level 10
 26490 | Lair:5   | Reduced skill Unarmed Combat to level 18
 26490 | Lair:5   | Reached ** piety under Ru
 26490 | Lair:5   | Reached *** piety under Ru
 26945 | Lair:6   | Entered Level 6 of the Lair of Beasts
 29165 | Lair:6   | Reached XP level 14. HP: 101/122 MP: 14/14
 30512 | D:11     | Found Zimiw's Antique Weapon Emporium.
 30802 | D:12     | Gained mutation: You are hated by all. [Ru sacrifice]
 30802 | D:12     | Reached **** piety under Ru
 31906 | D:13     | Found a gate to the Vaults.
 32566 | D:13     | Reached skill level 19 in Unarmed Combat
 33419 | D:13     | Gained mutation: You cannot study or cast Earth magic. [Ru
                  | sacrifice]
 33419 | D:13     | Gained mutation: You cannot study or cast Necromancy magic.
                  | [Ru sacrifice]
 33419 | D:13     | Gained mutation: You cannot study or cast Translocations
                  | magic. [Ru sacrifice]
 33419 | D:13     | Reached ***** piety under Ru
 33965 | D:13     | Reached skill level 5 in Shields
 35643 | D:13     | Found a gate to the Vaults.
 37678 | D:14     | Found a large runed door.
 37678 | D:14     | Found a large runed door.
 37707 | D:14     | Noticed Roxanne
 37788 | D:15     | Entered Level 15 of the Dungeon
 37796 | D:15     | Found a staircase to the Depths.
 37987 | D:14     | Reached skill level 1 in Invocations
 38543 | D:14     | Reached XP level 15. HP: 101/132 MP: 15/15
 40388 | D:14     | Killed Roxanne
 40389 | D:14     | Identified Roxanne's Reference Book on Transmutation (You
                  | took it off Roxanne on level 14 of the Dungeon)
 40843 | Orc:1    | Entered Level 1 of the Orcish Mines
 41613 | Orc:1    | Got a spiked hat
 41624 | Orc:1    | Identified the +0 hat of the Secret Demons {*Corrode rPois
                  | MR++ Dex+4} (You found it on level 1 of the Orcish Mines)
 41673 | Orc:2    | Entered Level 2 of the Orcish Mines
 42603 | Orc:2    | Noticed Snorg
 42615 | Orc:2    | Killed Snorg
 42615 | Orc:2    | Reached skill level 5 in Invocations
 42993 | Orc:2    | Found a staircase to the Elven Halls.
 43133 | Orc:2    | Reached skill level 10 in Shields
 43168 | Orc:2    | Found Qiydwashrev's Armour Shop.
 43168 | Orc:2    | Found Zafucajo's General Store.
 43169 | Orc:2    | Found Wemirph's Weapon Boutique.
 43172 | Orc:2    | Found Zetye's Antique Armour Boutique.
 43178 | Orc:2    | Bought a scroll of identify for 26 gold pieces
 43400 | Orc:1    | Found a roughly hewn altar of Beogh.
 43784 | Lair:1   | Killed filthincarnate's ghost
 44599 | Snake:1  | Entered Level 1 of the Snake Pit
 44704 | Snake:1  | Noticed Kirke
 44732 | Snake:1  | Killed Kirke
 45164 | Snake:1  | Found Eson's Distillery.
 45168 | Snake:1  | Bought a potion of heal wounds for 95 gold pieces
 45168 | Snake:1  | Bought a potion of heal wounds for 95 gold pieces
 45168 | Snake:1  | Bought 2 potions of curing for 114 gold pieces
 45168 | Snake:1  | Bought a potion of curing for 57 gold pieces
 45168 | Snake:1  | Bought a potion of curing for 57 gold pieces
 46910 | Snake:1  | Noticed Asterion
 48031 | Snake:1  | Reached skill level 20 in Unarmed Combat
 48717 | Snake:1  | Killed Asterion
 49202 | Snake:1  | Found a runed door.
 49262 | Snake:1  | Noticed Scyrothe's ghost (adept GrEE)
 49270 | Snake:1  | You fall through a shaft!
 49270 | Snake:2  | Found Meeneset's Magic Scroll Shoppe.
 49797 | Snake:2  | Reached XP level 16. HP: 113/139 MP: 18/18
 49941 | Snake:2  | Found a transporter.
 49942 | Snake:2  | Found a deep blue altar of Sif Muna.
 50248 | Snake:2  | Bought a scroll of identify for 36 gold pieces
 50248 | Snake:2  | Bought a scroll of identify for 36 gold pieces
 50248 | Snake:2  | Bought 2 scrolls of fear for 126 gold pieces
 51811 | Snake:2  | Got a smoking scale mail
 51822 | Snake:2  | Identified the +4 scale mail "Osmokhet" {rN+} (You found it
                  | on level 2 of the Snake Pit)
 53886 | Snake:3  | Reached skill level 15 in Shields
 55146 | Snake:4  | Entered Level 4 of the Snake Pit
 55208 | Snake:4  | Noticed Agnes
 55222 | Snake:4  | Killed Agnes
 57009 | Snake:4  | Reached XP level 17. HP: 128/148 MP: 19/19
 59675 | Snake:4  | Got a serpentine rune of Zot
 59995 | Orc:2    | Bought a pair of glowing gloves for 195 gold pieces
 60168 | Vaults:1 | Entered Level 1 of the Vaults
 62067 | Vaults:1 | Reached skill level 21 in Unarmed Combat
 62540 | Vaults:1 | Noticed an Ice Fiend
 63252 | Vaults:1 | Reached XP level 18. HP: 161/161 MP: 20/20
 63521 | Vaults:2 | Got a steaming bronze amulet
 64317 | Vaults:2 | Reached skill level 15 in Fighting
 65131 | Vaults:2 | Noticed Mennas
 65144 | Vaults:2 | Killed Mennas
 68134 | Vaults:2 | Identified the amulet of Zomiorit {Spirit MR+ Int+4} (You
                  | found it on level 2 of the Vaults)
 69459 | Vaults:3 | Noticed Frederick
 69475 | Vaults:3 | Killed Frederick
 69714 | Vaults:3 | Found the +9 heavy crossbow "Sniper" {velocity, Acc+∞ SInv}
 69771 | Vaults:3 | Reached XP level 19. HP: 131/172 MP: 8/21
 70383 | Vaults:3 | Reached skill level 22 in Unarmed Combat
 71431 | Vaults:3 | Found a staircase to the Crypt.
 76370 | Elf:1    | Entered Level 1 of the Elven Halls
 76671 | Elf:1    | Reached XP level 20. HP: 182/184 MP: 22/22
 78086 | Elf:2    | Found a runed door.
 78110 | Elf:2    | Found a runed door.
 78453 | Elf:3    | Entered Level 3 of the Elven Halls
 79782 | Elf:3    | Got a scintillating bone amulet
 79782 | Elf:3    | Got a vibrating turquoise ring
 79864 | Elf:3    | Reached skill level 23 in Unarmed Combat
 79908 | Elf:2    | Identified the amulet "Ytaegg" {Reflect *Contam Str+6 Int+4
                  | SH+3} (You took it off a deep elf death mage on level 3 of
                  | the Elven Halls)
 80016 | Elf:2    | Identified the ring "Hafybrag" {+Fly MR- MP+9 EV+2 Str-2}
                  | (You took it off a deep elf blademaster on level 3 of the
                  | Elven Halls)
 80065 | Elf:3    | Got a steaming plate armour
 80170 | Elf:2    | Identified the +3 plate armour of Vexation {rC+ MR+ Str+3}
                  | (You took it off a deep elf high priest on level 3 of the
                  | Elven Halls)
 81419 | Elf:3    | Got a clouded jade amulet
 81454 | Elf:3    | Identified Ixethifium's Grimoire of Transmigration
 81458 | Elf:3    | Identified the Incunabulum of Creation and Attacks
 81461 | Elf:3    | Found the +3 sling "Punk" {acid, rCorr}
 83213 | Elf:3    | Identified the amulet of Wonder {Harm *Drain rElec rF++
                  | rC-} (You took it off a deep elf demonologist on level 3 of
                  | the Elven Halls)
 83381 | Elf:3    | Got a pitted plate armour
 83392 | Elf:3    | Identified the cursed +1 plate armour of Ceosegg {rN+} (You
                  | took it off a deep elf master archer on level 3 of the
                  | Elven Halls)
 83872 | Shoals:1 | Entered Level 1 of the Shoals
 86294 | Shoals:1 | You fall through a shaft!
 86300 | Shoals:2 | Noticed Polyphemus
 86735 | Shoals:1 | Reached XP level 21. HP: 104/195 MP: 13/23
 87079 | Shoals:1 | Killed Polyphemus
 87437 | Shoals:2 | Noticed Ilsuiw
 88251 | Shoals:1 | Killed Ilsuiw
 88251 | Shoals:1 | Reached skill level 24 in Unarmed Combat
 88544 | Shoals:2 | Found a runed gate.
 88879 | Shoals:2 | Found a runed gate.
 88880 | Shoals:2 | Found a runed gate.
 89342 | Shoals:2 | Noticed ryzol's ghost (adept VSFi)
 90966 | Shoals:3 | Identified a scroll of acquirement
 91026 | Shoals:4 | Entered Level 4 of the Shoals
 92359 | Shoals:4 | Found Paeddaca's Assorted Antiques.
 92402 | Shoals:4 | Bought a scroll of teleportation for 102 gold pieces
 92437 | Shoals:4 | Reached skill level 25 in Unarmed Combat
 92847 | Shoals:4 | Got a barnacled rune of Zot
 92997 | Shoals:2 | Found an opulent altar of Gozag.
 94054 | Depths:1 | Entered Level 1 of the Depths
 94631 | Depths:1 | Found a one-way gate to the infinite horrors of the Abyss.
 94909 | Depths:1 | You fall through a shaft!
 95306 | Depths:2 | Found a gateway to Hell.
 96639 | Depths:2 | Reached XP level 22. HP: 207/207 MP: 24/24
 96987 | Depths:2 | Noticed a golden dragon
 96994 | Depths:2 | Killed a golden dragon
 97698 | Depths:3 | Noticed a juggernaut
 97710 | Depths:2 | Killed a juggernaut
 97985 | Depths:3 | Found a runed door.
 98323 | Depths:3 | Noticed Ikull's ghost (master MiBe)
 99125 | Depths:3 | Found a one-way gate leading to the halls of Pandemonium.
 99864 | Depths:3 | Reached skill level 26 in Unarmed Combat
101017 | Depths:3 | Killed Ikull's ghost
101355 | Depths:3 | Found a runed door.
101364 | Depths:3 | Noticed a golden dragon
101365 | Depths:3 | Noticed Dubin's ghost (adept TrMo)
101394 | Depths:3 | Killed Dubin's ghost
101403 | Depths:3 | Killed a golden dragon
101731 | Depths:3 | Found a runed door.
101736 | Depths:3 | Noticed Dubin's ghost (adept TrMo)
101848 | Depths:2 | Killed Dubin's ghost
102452 | Depths:3 | Got a slimy amber ring
102454 | Depths:3 | Identified the ring "Rurau" {Ice Dex+4 SInv} (You acquired
                  | it on level 3 of the Depths)
102546 | Depths:4 | Noticed a golden dragon
103136 | Depths:4 | Reached XP level 23. HP: 113/217 MP: 16/25
103599 | Depths:4 | Found Wuss's Gadget Boutique.
103600 | Depths:4 | Found Pyonanam's Jewellery Shoppe.
103602 | Depths:4 | Found Quloulur's Gadget Boutique.
103619 | Depths:4 | Bought a cursed -2 ring of evasion for 50 gold pieces
103620 | Depths:4 | Bought the macabre finger necklace {rN+} for 1000 gold
                  | pieces
103620 | Depths:4 | Found the macabre finger necklace {rN+}
103776 | Depths:4 | Noticed Margery
103805 | Depths:3 | Killed Margery
104630 | Depths:4 | Found a gateway to a ziggurat.
104688 | Depths:4 | Noticed Sojobo
104709 | Depths:4 | Killed Sojobo
105151 | Depths:4 | Noticed the Enchantress
105169 | Depths:4 | Killed the Enchantress
105517 | Depths:4 | Reached skill level 27 in Unarmed Combat
105528 | Depths:4 | Noticed a caustic shrike
105531 | Depths:4 | Noticed a caustic shrike
105547 | Depths:4 | Killed a caustic shrike
105568 | Depths:4 | Killed a caustic shrike
105965 | Depths:4 | Found a hide-covered altar of Uskayaw.
105965 | Depths:4 | Found a stormy altar of Qazlal.
105967 | Depths:4 | Found a basalt altar of Yredelemnul.
105967 | Depths:4 | Found an ancient bone altar of Kikubaaqudgha.
106278 | Depths:5 | Entered Level 5 of the Depths
106798 | Depths:5 | Noticed Boris
106816 | Depths:5 | Killed Boris
106928 | Depths:5 | Noticed Xtahua
106964 | Depths:5 | Killed Xtahua
107013 | Depths:5 | Reached XP level 24. HP: 131/231 MP: 25/25
108330 | Depths:5 | Found a runed door.
108343 | Depths:5 | Found a runed door.
108967 | Depths:5 | Found a runed door.
108974 | Depths:5 | Found a runed door.
108984 | Depths:5 | Found a gate to the Realm of Zot.
109088 | Depths:5 | Found a runed door.
109128 | Depths:5 | Found a runed door.
110902 | Shoals:2 | Found Farink's Assorted Antiques.
110916 | Shoals:2 | Killed ryzol's ghost
111001 | Shoals:2 | Bought a scroll of teleportation for 102 gold pieces
111001 | Shoals:2 | Bought a scroll of teleportation for 102 gold pieces
111001 | Shoals:2 | Bought a runed cloak for 255 gold pieces
111001 | Shoals:2 | Bought a potion of might for 136 gold pieces
111434 | Snake:1  | Killed Scyrothe's ghost
111556 | Snake:2  | Found a transporter.
111905 | Snake:2  | Got a flickering granite ring
111906 | Snake:2  | Identified the Catalogue of the Beginning
111914 | Snake:2  | Identified the ring "Xouxkal" {Fire Int+2 Stlth+} (You
                  | found it on level 2 of the Snake Pit)
112230 | Slime:1  | Entered Level 1 of the Pits of Slime
113527 | Slime:5  | Entered Level 5 of the Pits of Slime
113894 | Slime:5  | Noticed the Royal Jelly
113895 | Slime:5  | Found a viscous altar of Jiyva.
114073 | Slime:5  | Killed the Royal Jelly
114707 | Slime:5  | Reached XP level 25. HP: 208/237 MP: 25/25
115130 | Slime:5  | Got a shimmering copper ring
115131 | Slime:5  | Identified the ring of Perfectionism {rCorr rF+ Slay+5}
                  | (You found it on level 5 of the Pits of Slime)
115162 | Slime:5  | Identified the Guide on Cold and Orientation
115166 | Slime:5  | Identified the Grimoire of the Lonely Lovers
115214 | Slime:5  | Got a slimy rune of Zot
115356 | Snake:1  | Bought a potion of curing for 57 gold pieces
115356 | Snake:1  | Bought 2 potions of cancellation for 304 gold pieces
115356 | Snake:1  | Bought a potion of mutation for 152 gold pieces
115356 | Snake:1  | Bought a potion of resistance for 190 gold pieces
115356 | Snake:1  | Bought a potion of agility for 76 gold pieces
115541 | Shoals:4 | Bought a potion of magic for 272 gold pieces
115803 | D:7      | Bought a potion of mutation for 96 gold pieces
115803 | D:7      | Bought a potion of mutation for 96 gold pieces
115803 | D:7      | Bought a potion of mutation for 96 gold pieces
116304 | Depths:4 | Bought a wand of acid (10) for 588 gold pieces
116304 | Depths:4 | Bought a wand of digging (10) for 588 gold pieces
116426 | Zot:1    | Entered Level 1 of the Realm of Zot
116691 | Zot:1    | Noticed Otiops's ghost (legendary HOTm)
116704 | Zot:1    | Found a runed gate.
116704 | Zot:1    | Found a runed gate.
116705 | Zot:1    | Found a runed gate.
117593 | Zot:1    | Reached skill level 10 in Armour
118407 | Zot:1    | Gained mutation: You cannot be stealthy. [Ru sacrifice]
118809 | Zot:1    | Reached skill level 10 in Dodging
122526 | Zot:2    | Identified Asaptuoss's Compendium of Lucky Attacks
122559 | Zot:2    | Found a shadowy altar of Dithmenos.
123454 | Zot:1    | Killed Otiops's ghost
123462 | Zot:1    | Reached XP level 26. HP: 151/248 MP: 1/25
123476 | Zot:1    | Got a faintly humming cloak
123500 | Zot:1    | Identified the cursed +0 cloak of Follow the Leader {Str+5
                  | Dex+4} (You found it on level 1 of the Realm of Zot)
124274 | Zot:3    | Gained mutation: Your magical capacity is low. (-10% MP)
                  | [Ru sacrifice]
124274 | Zot:3    | Reached ****** piety under Ru
130387 | Zot:5    | Entered Level 5 of the Realm of Zot
130540 | Zot:5    | Noticed an ancient lich
130546 | Zot:5    | Killed an ancient lich
130546 | Zot:5    | Reached skill level 15 in Armour
131102 | Zot:5    | Reached XP level 27. HP: 254/260 MP: 23/23
131283 | Zot:5    | Noticed an ancient lich
131289 | Zot:5    | Killed an ancient lich
131696 | Zot:5    | Noticed an ancient lich
131703 | Zot:5    | Killed an ancient lich
131703 | Zot:5    | Reached skill level 15 in Dodging
132249 | Zot:5    | Noticed an ancient lich
132255 | Zot:5    | Noticed an orb of fire
132263 | Zot:5    | Noticed an orb of fire
132274 | Zot:5    | Gained mutation: You are very dopey. (Int -4) [an orb of
                  | fire]
132275 | Zot:5    | Killed an orb of fire
132277 | Zot:5    | Killed an ancient lich
132291 | Zot:5    | Killed an orb of fire
132324 | Zot:5    | Noticed an orb of fire
132326 | Zot:5    | Gained mutation: You are weak. (Str -2) [an orb of fire]
132727 | Zot:5    | Killed an orb of fire
133027 | Zot:5    | Noticed an orb of fire
133030 | Zot:5    | Gained mutation: Your body sometimes deteriorates upon
                  | taking damage. [an orb of fire]
133033 | Zot:5    | Gained mutation: You occasionally shout uncontrollably at
                  | your foes. [an orb of fire]
133046 | Zot:5    | Killed an orb of fire
134502 | Zot:5    | Lost mutation: You occasionally shout uncontrollably at
                  | your foes. [potion of mutation]
134502 | Zot:5    | Lost mutation: Your body sometimes deteriorates upon taking
                  | damage. [potion of mutation]
134502 | Zot:5    | Lost mutation: You are very dopey. (Int -4) [potion of
                  | mutation]
134502 | Zot:5    | Gained mutation: You are partially covered in icy blue
                  | scales. (AC +2) [potion of mutation]
134502 | Zot:5    | Gained mutation: You expend magic power (3 MP) to
                  | strengthen your wands. [potion of mutation]
134514 | Zot:5    | Got the Orb of Zot
134582 | Zot:1    | Noticed Yjur the pandemonium lord
134587 | Zot:1    | Killed Yjur the pandemonium lord
134622 | Zot:1    | Noticed Amosid the pandemonium lord
134627 | Zot:1    | Cast into level 2 of the Abyss (Amosid)
134681 | Abyss:2  | Found a corrupted altar of Lugonu.
134873 | Abyss:2  | Found a burning altar of Makhleb.
134930 | Abyss:2  | Paralysed by you for 7 turns
135059 | Zot:1    | Escaped the Abyss
135225 | Depths:2 | Noticed Vaxtiqig the pandemonium lord
135251 | Depths:2 | Killed Vaxtiqig the pandemonium lord
135358 | D:14     | Noticed Citsiu Beex the pandemonium lord
135583 | D:2      | Noticed Ujiaklossua the pandemonium lord
135622 | D:$      | Escaped with the Orb!

Skill      XL: |  1  2  3  4  5  6  7  8  9 10 11 12 13 14 15 16 17 18 19 20 21 22 23 24 25 26 27 |
---------------+----------------------------------------------------------------------------------+-----
Unarmed Combat | 1 3 4 5 6 8 9 11 14 16 17 18 18 19 20 21 22 23 25 26 27 | 27.0
Fighting       | 3 5 8 10 10 12 14 16 17 18 19 20 21 23 24 25 26 | 26.7
Armour         | 2 6 8 7 8 12 15 18 | 18.2
Dodging        | 4 6 8 11 14 17 | 17.0
Shields        | 4 7 12 15 17 18 19 20 21 22 23 25 | 25.0
Necromancy     | 0 |  0.0
Invocations    | 1 5 |  5.1
Stealth        | 0 |  0.0
Spellcasting   | |  1.2

Action                   |  1- 3 |  4- 6 |  7- 9 | 10-12 | 13-15 | 16-18 | 19-21 | 22-24 | 25-27 || total
-------------------------+-------+-------+-------+-------+-------+-------+-------+-------+-------++-------
Melee: Unarmed           |   123 |    96 |   306 |   634 |  1724 |  1577 |  2346 |  1840 |  1394 || 10040
       Headbutt          |    12 |    11 |    72 |   165 |   360 |   393 |   503 |   595 |   461 ||  2572
       Punch             |     1 |     7 |    18 |    56 |       |       |       |       |       ||    82
 Fire: Hunting sling     |    19 |    86 |    55 |       |       |       |       |       |       ||   160
Throw: Throwing net      |       |       |       |     1 |       |       |       |       |     1 ||     2
Invok: Sacrifice Purity  |       |       |       |     2 |       |       |       |       |       ||     2
       Reject Sacrifices |       |       |       |     1 |     2 |     1 |     2 |       |       ||     6
       Sacrifice Skill   |       |       |       |       |     1 |       |       |       |       ||     1
       Power Leap        |       |       |       |       |     6 |     2 |     1 |       |       ||     9
       Sacrifice Love    |       |       |       |       |     1 |       |       |       |       ||     1
       Sacrifice Arcana  |       |       |       |       |     1 |       |       |       |       ||     1
       Apocalypse        |       |       |       |       |     4 |     9 |     7 |     7 |     7 ||    34
       Sacrifice Stealth |       |       |       |       |       |       |       |       |     1 ||     1
       Sacrifice Essence |       |       |       |       |       |       |       |       |     1 ||     1
Evoke: Wand              |       |       |     2 |    17 |     2 |       |    16 |     1 |    24 ||    62
       Fan of gales      |       |       |       |       |     1 |       |     1 |       |       ||     2
  Use: Potion            |     1 |     1 |     2 |     1 |     6 |       |       |     3 |     9 ||    23
       Scroll            |       |     2 |    11 |    12 |    10 |     4 |    13 |    16 |    14 ||    82
 Stab: Sleeping          |     1 |       |       |       |       |       |       |       |       ||     1
       Paralysed         |       |       |       |     2 |     6 |    16 |     8 |     3 |    20 ||    55
       Invisible         |       |       |       |       |    21 |    10 |    21 |     7 |     5 ||    64
       Distracted        |       |       |       |       |     5 |    11 |    18 |     9 |     5 ||    48
       Confused          |       |       |       |       |     1 |       |       |       |       ||     1
       Held in net/web   |       |       |       |       |       |       |       |       |     1 ||     1
  Eat: Chunk             |     8 |     7 |    15 |    36 |    79 |    43 |    45 |    18 |    10 ||   261
       Ration            |       |       |     2 |     3 |     1 |     6 |    12 |    12 |    18 ||    54
Armor: Ring mail         |    52 |    17 |       |       |   105 |       |       |       |       ||   174
       Robe              |     1 |       |       |       |       |       |       |       |       ||     1
       Scale mail        |       |    28 |   103 |   307 |   350 |   228 |    23 |       |       ||  1039
       Skin              |       |       |    12 |       |       |       |       |    11 |       ||    23
       Storm dragon scal |       |       |       |       |       |       |   421 |     3 |       ||   424
       Gold dragon scale |       |       |       |       |       |       |       |   438 |   327 ||   765
Dodge: Dodged            |    89 |    50 |   151 |   324 |   641 |   278 |   331 |   146 |   176 ||  2186
Block: Buckler           |       |       |       |     2 |   448 |    28 |       |       |       ||   478
       Shield            |       |       |       |       |     2 |   110 |       |       |       ||   112
       Large shield      |       |       |       |       |       |   758 |  1556 |  1120 |   818 ||  4252
